 Dungeon Crawl Stone Soup version 0.20-a0-12-g90c15da (webtiles) character file.

342 JeffiDaFish the Cudgeler (level 6, -4/38 HPs)
             Began as a Gargoyle Fighter on Nov 2, 2016.
             Slain by a worker ant (5 damage)
             ... on level 4 of the Dungeon.
             The game lasted 00:05:27 (1699 turns).

JeffiDaFish the Cudgeler (Gargoyle Fighter)         Turns: 1699, Time: 00:05:27

Health: -4/38      AC: 20    Str: 27    XL:     6   Next: 57%
Magic:  6/6        EV:  9    Int:  8    God:
Gold:   94         SH: 10    Dex:  9    Spells: 0 memorised, 5 levels left

rFire  . . .     SeeInvis .     k - +1 mace (protect)
rCold  . . .     Gourm    .     h - +0 chain mail
rNeg   + . .     Faith    .     c - +0 shield
rPois  ∞         Spirit   .     (no helmet)
rElec  +         Reflect  .     (no cloak)
rCorr  .         Harm     .     (no gloves)
MR     .....     Rnd*Tele +     (no boots)
Stlth  ..........               (no amulet)
                                b - ring of teleportation (curse)
                                j - +3 ring of evasion

@: mighty, protection aura
A: negative energy resistance 1, electricity resistance, unbreathing,
petrification resistance, rot immunity, AC +4
a: no special abilities


You were on level 4 of the Dungeon.
You were hungry.

You visited 1 branch of the dungeon, and saw 5 of its levels.

You collected 94 gold pieces.

Inventory:

Hand Weapons
 a - a +1 flail
 k - a +1 mace of protection (weapon)
Armour
 c - a +0 shield (worn)
 h - a +0 chain mail (worn)
Jewellery
 b - a cursed ring of teleportation (right hand)
 e - an uncursed ring of magical power
 j - a +3 ring of evasion (left hand)
Wands
 o - a wand of polymorph (17/24)
Scrolls
 m - a scroll of teleportation
 n - 2 scrolls of identify
Potions
 d - a potion of might
 p - a potion of brilliance
Comestibles
 f - 4 bread rations
 g - 7 chunks of flesh
 i - 5 fruits
 l - a beef jerky


   Skills:
 + Level 4.1 Fighting
 + Level 5.0 Maces & Flails
 + Level 4.2 Armour
 + Level 1.0 Dodging
 + Level 0.2 Stealth
 + Level 4.1 Shields


You had 5 spell levels left.
You didn't know any spells.

Dungeon Overview and Level Annotations

Branches:
Dungeon (5/15)
 Temple: D:4-7

Altars:
Xom


Innate Abilities, Weirdness & Mutations

You are resistant to torment.
Your stone body is resilient. (AC +4)
You are immune to poison.
You resist negative energy. (rN+)
You are resistant to electric shocks. (rElec)
You can survive without breathing.
You are immune to petrification.
You are immune to rotting.


Message History

You block the ogre's attack.
You thump the ogre!
You kill the ogre!
Your Maces & Flails skill increases to level 5!
You barely miss the worker ant.
The worker ant bites you but does no damage.
The worker ant bites you.
* * * LOW HITPOINT WARNING * * *
You feel very mighty all of a sudden.
The worker ant bites you but does no damage.
Your shield and chain mail prevent you from hitting the worker ant.
The worker ant bites you but does no damage.
Some of the chunks of flesh in your inventory have rotted away.
You thump the worker ant!
The worker ant is severely wounded.
You block the worker ant's attack. The worker ant misses you.
You hit the worker ant.
The worker ant is almost dead.
The worker ant bites you.
You die...

>... ... # .. .. ##.
... .# #.#..## ....
..) ....## .....
.... #..####......
#...(###...a@.......
..........####......
....###.....## .....
........#(...##.....
.....#####(..#..#.#.
......# #.....##...
####..# ##........#
#..## #..####..
#>..# ##...#


You could see a worker ant.

Vanquished Creatures
  2 ogres (D:4)
  Jessica (D:2)
  A worker ant (D:4)
  Ijyb (D:3)
  2 adders
  3 worms
  A dart slug (D:2)
  3 leopard geckos
  5 orcs (D:3)
  4 ball pythons
  3 giant cockroaches (D:1)
  7 goblins
  4 hobgoblins
  13 jackals
  A quokka (D:2)
  5 bats
  4 frilled lizards
  6 kobolds
  3 rats
69 creatures vanquished.

Notes
Turn   | Place    | Note
-------+----------+-------------------------------------------
     0 | D:1      | JeffiDaFish the Gargoyle Fighter began the quest for the Orb.
     0 | D:1      | Reached XP level 1. HP: 14/14 MP: 1/1
    68 | D:1      | Reached XP level 2. HP: 12/19 MP: 2/2
   340 | D:1      | Found a shimmering altar of Xom.
   415 | D:1      | Reached XP level 3. HP: 24/24 MP: 3/3
   704 | D:2      | Noticed Jessica
   713 | D:2      | Killed Jessica
   713 | D:2      | Reached skill level 3 in Maces & Flails
   713 | D:2      | Reached XP level 4. HP: 29/29 MP: 4/4
  1406 | D:3      | Noticed Ijyb
  1414 | D:3      | Killed Ijyb
  1414 | D:3      | Reached skill level 1 in Dodging
  1414 | D:3      | Reached XP level 5. HP: 33/33 MP: 5/5
  1608 | D:3      | You fall through a shaft for 2 floors!
  1608 | D:5      | Entered Level 5 of the Dungeon
  1667 | D:4      | Noticed an ogre
  1668 | D:4      | Noticed an ogre
  1681 | D:4      | Killed an ogre
  1681 | D:4      | Reached skill level 4 in Maces & Flails
  1681 | D:4      | Reached XP level 6. HP: 26/38 MP: 6/6
  1694 | D:4      | Reached skill level 5 in Maces & Flails
  1695 | D:4      | HP: 1/38 [worker ant (2)]
  1699 | D:4      | Slain by a worker ant

Vault maps used:
D:1:      onia_arrival_mini_spirals, xom_teletrap_fun
D:2:      first_bread, uniq_jessica
D:3:      corexii_hall_statues_s, uniq_iyjb
D:4:      gup_ossuary_entry_pyramid, serial_shops, kennysheep_little_box
D:5:      lemuel_blue_sif_altar

Skill      XL: |  1  2  3  4  5  6 |
---------------+-------------------+-----
Maces & Flails | 3 4 5 |  5.0
Armour         | 4 |  4.2
Dodging        | 1 |  1.0
Shields        | 4 |  4.1
Fighting       | 4 |  4.1
Stealth        | |  0.2

Action                   |  1- 3 |  4- 6 || total
-------------------------+-------+-------++-------
Melee: Flail             |   132 |    78 ||   210
       Mace              |       |    73 ||    73
  Use: Scroll            |     6 |     3 ||     9
       Potion            |     3 |     3 ||     6
  Eat: Chunk             |       |     3 ||     3
Armor: Scale mail        |   103 |    28 ||   131
       Chain mail        |       |    61 ||    61
Dodge: Dodged            |    62 |    61 ||   123
Block: Shield            |    70 |    83 ||   153
